Map: Triton LE

Players

Nitix

  • Race: Zerg Zerg
  • League: Grandmaster
  • Spawn Location: 11:00

Harstem - Winner!

  • Race: Protoss Protoss
  • League: Grandmaster
  • Spawn Location: 5:00

Event: NationWars 2019

VOD

Have the link to the VOD?

Description

Time

  • Played on: Sept. 30, 2019, 12:27 p.m.
  • Length: 11:04

All games in this series

Show
View Real Time Build Order
Export as new Build Order

Nitix Zerg 

Build Orders: Hatch First 

Get SALT Encoding   

  12  0:00  Drone  
  13  0:12  Overlord  
  13  0:18  Drone  
  14  0:31  Drone x2  
  16  0:48  Hatchery  
  15  0:51  Drone  
  15  0:55  Drone  
  17  0:58  Drone  
  18  1:10  Extractor  
  17  1:14  Spawning Pool  
  17  1:17  Drone  
  17  1:20  Drone  
  18  1:28  Drone  
  19  1:39  Drone  
  20  1:49  Overlord  
  20  2:02  Zergling x4, Queen x2  
  26  2:11  Drone x2  
  26  2:12  Metabolic Boost  
  28  2:22  Drone x2  
  30  2:33  Drone x2  
  32  2:40  Hatchery  
  31  2:47  Queen  
  33  2:53  Overlord  
  33  2:57  Pneumatized Carapace  
  33  2:59  Drone  
  33  3:01  Drone  
  35  3:06  Drone  
  35  3:12  Drone  
  37  3:13  Drone x3  
  37  3:15  Overlord  
  37  3:18  Drone  
  41  3:20  Drone  
  42  3:27  Drone x2  
  42  3:33  Queen  
  46  3:35  Drone  
  46  3:37  Overlord  
  46  3:38  Drone  
  48  3:42  Drone x2  
  48  3:43  Drone  
  48  3:46  Spore Crawler  
  50  3:50  Spore Crawler  
  50  3:54  Spore Crawler  
  48  3:57  Drone x2  
  48  3:59  Queen  
  48  4:01  Drone  
  53  4:05  Drone  
  54  4:14  Drone  
  54  4:15  Drone x2  
  54  4:17  Lair, Overlord  
  57  4:24  Drone x2  
  59  4:25  Drone x2  
  59  4:26  Roach Warren  
  59  4:27  Drone  
  61  4:41  Drone x3  
  61  4:42  Drone x5  
  65  4:49  Extractor, Evolution Chamber  
  65  4:50  Extractor  
  63  4:53  Drone x3, Baneling Nest  
  63  4:55  Drone x2  
  63  4:56  Drone x2  
  63  4:57  Drone x2  
  71  5:00  Overlord  
  71  5:07  Drone x2  
  71  5:10  Drone  
  71  5:11  Overlord x2  
  74  5:26  Zerg Melee Weapons Level 1  
  74  5:27  Hydralisk Den, Overlord x2  
  73  5:30  Drone x9  
  73  5:31  Extractor  
  73  5:32  Extractor  
  73  5:33  Extractor  
  79  5:36  Centrifical Hooks  
  79  5:42  Overlord  
  79  5:48  Zergling x12  
  85  5:53  Hatchery  
  85  5:56  Grooved Spines  
  84  6:00  Overlord  
  84  6:01  Hydralisk x3  
  84  6:02  Zergling x8  
  94  6:18  Hydralisk x4  
  92  6:19  Zergling x4  
  102  6:26  Overlord  
  102  6:31  Hydralisk x5  
  112  6:37  Overlord  
  112  6:41  Hydralisk x2  
  116  6:50  Drone  
  116  6:51  Drone x2  
  119  6:55  Hydralisk x4  
  119  6:56  Zergling x4  
  119  6:57  Zergling x2  
  130  7:01  Extractor  
  130  7:04  Baneling x5  
  130  7:07  Muscular Augments  
  129  7:09  Baneling  
  129  7:10  Baneling x3  
  129  7:13  Drone  
  129  7:14  Drone x7  
  137  7:21  Baneling  
  137  7:22  Baneling x7  
  137  7:26  Zergling x12  
  143  7:34  Zergling x4  
  143  7:36  Overlord x2  
  141  7:40  Overlord x2  
  139  7:45  Baneling x13  
  139  7:47  Zergling x8  
  143  7:57  Zergling x10  
  148  8:02  Infestation Pit  
  144  8:09  Zergling x2  
  144  8:10  Zergling x10  
  129  8:17  Zergling x22  
  112  8:22  Hydralisk  
  112  8:26  Zerg Melee Weapons Level 2  
  114  8:27  Hydralisk x3  
  114  8:32  Extractor  
  119  8:35  Baneling x12  
  119  8:36  Hydralisk  
  119  8:37  Hydralisk x2  
  119  8:38  Zergling x2, Hatchery  
  125  8:44  Hive  
  125  8:49  Zergling x8  
  125  8:51  Baneling x5  
  125  8:55  Spine Crawler x3  
  127  8:56  Queen  
  127  8:57  Drone x5  
  127  8:58  Drone  
  127  9:01  Hydralisk  
  127  9:02  Hydralisk  
  138  9:03  Zergling x2  
  138  9:04  Zergling x2  
  139  9:14  Spire, Baneling  
  139  9:15  Baneling  
  132  9:24  Zergling x2  
  132  9:25  Zergling x22  
  122  9:31  Zergling x10  
  122  9:32  Zergling x2  
  122  9:38  Zergling x6  
  121  9:47  Hydralisk x4  
  117  9:53  Baneling x9  
  117  9:58  Zergling x12  
  112  10:05  Zergling x6  
Show
View Real Time Build Order
Export as new Build Order

Harstem Protoss - Winner!

Build Orders: 1 Gate Expand, Oracle Opening, Zealot Archon 

Get SALT Encoding   

  12  0:01  Probe  
  13  0:13  Probe  
  14  0:18  Pylon  
  14  0:25  Probe (Chrono Boost)  
  15  0:37  Probe (Chrono Boost)  
  15  0:38  Gateway  
  16  0:46  Probe (Chrono Boost)  
  16  0:48  Assimilator  
  17  0:51  Probe  
  18  1:03  Probe  
  19  1:15  Probe  
  20  1:25  Nexus  
  20  1:34  Cybernetics Core  
  20  1:37  Probe  
  21  1:47  Assimilator  
  21  1:49  Probe  
  21  1:51  Pylon  
  23  2:01  Probe  
  23  2:08  Adept (Chrono Boost)  
  23  2:13  Probe  
  26  2:25  Stargate, Probe  
  27  2:31  Stalker (Chrono Boost)  
  30  2:37  Probe (Chrono Boost)  
  30  2:40  Probe (Chrono Boost)  
  30  2:42  Warp Gate  
  31  2:49  Probe (Chrono Boost)  
  33  2:53  Probe (Chrono Boost)  
  33  2:54  Probe (Chrono Boost)  
  34  3:01  Probe  
  34  3:03  Probe  
  36  3:08  Oracle (Chrono Boost)  
  39  3:14  Probe  
  39  3:15  Probe  
  39  3:17  Pylon  
  41  3:23  Gateway  
  41  3:26  Probe  
  42  3:27  Probe  
  43  3:36  Oracle (Chrono Boost)  
  43  3:38  Probe  
  43  3:39  Probe  
  48  3:46  Assimilator  
  48  3:48  Assimilator  
  48  3:49  Pylon  
  48  3:50  Probe  
  48  3:51  Probe  
  50  3:56  Robotics Facility  
  50  4:02  Probe  
  51  4:03  Probe  
  52  4:11  Nexus  
  52  4:15  Pylon  
  52  4:16  Probe x2 (Chrono Boost)  
  54  4:26  Forge  
  54  4:28  Probe (Chrono Boost)  
  54  4:31  Pylon, Probe (Chrono Boost), Sentry x2  
  60  4:33  Probe (Chrono Boost)  
  61  4:38  Probe  
  61  4:40  Pylon  
  61  4:43  Probe  
  61  4:45  Observer (Chrono Boost)  
  64  4:47  Twilight Council  
  64  4:50  Probe, Gateway  
  65  4:52  Gateway  
  65  4:57  Adept  
  65  4:58  Probe  
  68  5:02  Probe  
  68  5:04  Protoss Ground Weapons Level 1  
  69  5:11  Immortal  
  69  5:13  Probe (Chrono Boost)  
  74  5:15  Zealot  
  74  5:19  Probe (Chrono Boost)  
  77  5:23  Probe (Chrono Boost)  
  77  5:25  Charge, Probe (Chrono Boost)  
  79  5:32  Probe (Chrono Boost)  
  79  5:33  Probe x2 (Chrono Boost)  
  82  5:37  Probe (Chrono Boost)  
  82  5:40  Gateway x2  
  82  5:41  Probe  
  82  5:42  Probe  
  84  5:43  Assimilator  
  84  5:46  Assimilator  
  84  5:49  Probe  
  86  5:52  Warp Prism (Chrono Boost)  
  86  5:53  Probe  
  86  5:54  Probe  
  90  6:01  Pylon  
  91  6:04  Templar Archives  
  91  6:05  Probe  
  91  6:11  Zealot x4  
  100  6:13  Pylon  
  99  6:19  Probe  
  99  6:23  Probe  
  101  6:26  Gateway  
  101  6:28  Gateway  
  101  6:32  Probe  
  102  6:34  Phoenix (Chrono Boost)  
  102  6:39  Psionic Storm  
  104  6:41  High Templar x3, Shield Battery  
  104  6:42  High Templar, Zealot x2  
  116  6:47  Pylon, Archon x2  
  116  6:56  Nexus, Probe  
  117  7:02  Pylon  
  117  7:03  Observer  
  117  7:08  Probe  
  117  7:12  Protoss Ground Weapons Level 2 (Chrono Boost)  
  117  7:14  Probe  
  119  7:18  Probe  
  119  7:21  Gateway  
  120  7:23  High Templar  
  120  7:25  High Templar, Gateway  
  120  7:27  Gateway  
  120  7:28  Photon Cannon, Zealot x4  
  120  7:29  Gateway  
  127  7:38  Probe x2 (Chrono Boost)  
  127  7:39  Probe (Chrono Boost)  
  127  7:41  Zealot x2  
  128  7:50  Probe (Chrono Boost)  
  128  7:51  High Templar x2, Zealot  
  130  7:55  Probe (Chrono Boost), Archon  
  130  7:56  Probe (Chrono Boost)  
  130  7:57  Zealot  
  132  8:02  Probe (Chrono Boost)  
  129  8:06  Zealot x2  
  129  8:12  Zealot x3  
  109  8:14  Probe x2  
  109  8:16  Zealot  
  109  8:17  Probe  
  109  8:18  Probe  
  105  8:25  High Templar x2  
  105  8:26  Probe  
  105  8:27  Probe, Zealot x6  
  111  8:29  Probe  
  111  8:30  Probe  
  125  8:35  Pylon, Observer  
  125  8:36  Assimilator  
  125  8:38  Probe  
  125  8:39  Pylon, Probe, Assimilator  
  127  8:41  Probe  
  127  8:42  Photon Cannon  
  127  8:43  High Templar x2  
  132  8:50  Probe  
  132  8:52  Pylon  
  132  8:55  Photon Cannon  
  133  8:58  Photon Cannon  
  133  9:03  Shield Battery  
  133  9:05  High Templar x2, Photon Cannon  
  135  9:10  Archon  
  135  9:17  Probe  
  135  9:22  Zealot  
  135  9:23  Zealot x4  
  140  9:28  Archon  
  140  9:29  Zealot x4  
  138  9:32  Probe  
  134  9:38  Probe  
  134  9:39  Archon  
  134  9:40  Probe  
  134  9:42  Zealot x3  
  134  9:43  Zealot x4  
  134  9:44  Zealot  
  141  9:54  Zealot x4  
  139  10:04  Zealot x6  
  145  10:11  Zealot x2  
Tags
 
Add a new tag
Caveats
  • Supply blocks, unpowered buildings, or Contaminate may cause inaccurate times.
  • Supply counts are checked every 10 seconds.